 Dungeon Crawl Stone Soup version 0.20.1-1-g8b1a95d (webtiles) character file.

37 slep the Skirmisher (level 3, -3/30 HPs)
             Began as a Demonspawn Abyssal Knight on Oct 26, 2017.
             Was a Follower of Lugonu.
             Slain by a gnoll
             ... wielding a +0 flail
              (7 damage)
             ... on level 2 of the Dungeon.
             The game lasted 00:05:16 (897 turns).

slep the Skirmisher (Demonspawn Abyssal Knight)      Turns: 897, Time: 00:05:17

Health: -3/30      AC:  3    Str: 15    XL:     3   Next: 21%
Magic:  4/4        EV: 10    Int: 13    God:    Lugonu [*.....]
Gold:   84         SH:  3    Dex: 13    Spells: 2/2 levels left

rFire    . . .     SeeInvis .   a - +1 falchion
rCold    . . .     Gourm    .   j - +0 buckler
rNeg     . . .     Faith    .   b - +0 leather armour
rPois    .         Spirit   .   (helmet restricted)
rElec    .         Reflect  .   (no cloak)
rCorr    .         Harm     .   (no gloves)
MR       .....                  (no boots)
Stlth    +.........             (no amulet)
Regen    0.1/turn               g - ring of wizardry
MPRegen  0.1/turn               k - +3 ring of strength

@: no status effects
A: antennae 1
a: Depart the Abyss, Renounce Religion


You were on level 2 of the Dungeon.
You worshipped Lugonu.
Lugonu was aware of your devotion.
You were not hungry.

You visited 1 branch of the dungeon, and saw 2 of its levels.
You visited the Abyss 1 time.

You collected 84 gold pieces.

Inventory:

Hand Weapons
 a - a +1 falchion (weapon)
Missiles
 n - 4 silver tomahawks (quivered)
Armour
 b - a +0 leather armour (worn)
 j - a +0 buckler (worn)
Jewellery
 g - a ring of wizardry (left hand)
 k - a +3 ring of strength (right hand)
Scrolls
 e - a scroll of teleportation {unknown}
 l - a scroll of identify {unknown}
Potions
 d - a potion of cancellation {unknown}
 i - a potion of curing {unknown}
Miscellaneous
 h - a crystal ball of energy
Comestibles
 c - a bread ration
 f - 2 fruits
 m - a royal jelly
 o - 6 chunks of flesh


   Skills:
 + Level 3.7 Fighting
 + Level 2.1 Long Blades
 + Level 1.9 Armour
 + Level 1.1 Dodging
 + Level 0.2 Stealth
 + Level 2.6 Invocations


You had 2 spell levels left.
You didn't know any spells.

Dungeon Overview and Level Annotations

Branches:
Dungeon (2/15)

Altars:


Innate Abilities, Weirdness & Mutations

You have a pair of small antennae on your head.


Message History

The gnoll hits you from afar with a spear!
The gnoll barely misses you. The quokka bites you.
The gnoll hits you but does no damage.
You barely miss the quokka. The quokka bites you.
The gnoll hits you but does no damage. The quokka barely misses you.
You riposte.
You hit the quokka but do no damage. You block the gnoll's attack.
You slash the quokka!
You kill the quokka!
Lugonu accepts your kill. The gnoll hits you with a flail.
The gnoll barely misses you.
You completely miss the gnoll. The gnoll barely misses you. x2
The gnoll closely misses you.
You closely miss the gnoll. The gnoll completely misses you.
The gnoll hits you with a flail.
* * * LOW HITPOINT WARNING * * *
The gnoll hits you from afar with a spear.
* * * LOW HITPOINT WARNING * * *
The gnoll closely misses you.
You riposte.
You barely miss the gnoll. The gnoll hits you with a flail!
You die...

....... .# (....#.
...... .# .......
#...#+#. w...... #
+......##+#)%....#
.#.###.........g†......
..................?....
......#......g.........
.............g........#
....[.......@..........
......#......###.......
.............###.......
..###......<......≈≈≈..
. .........#.....P≈≈≈P
.........#.....♣.≈P
....##+####....... ....
........ .. ....#.#


You could see 3 gnolls and a dart slug.

Vanquished Creatures
  A gnoll (D:2)
  An adder (D:2)
  A dart slug (D:1)
  A bat (D:1)
  A giant cockroach (D:1)
  2 goblins (D:1)
  2 hobgoblins (D:1)
  A kobold (D:1)
  A quokka (D:2)
  A frilled lizard (D:1)
  4 rats (D:1)
16 creatures vanquished.

Vanquished Creatures (others)
  2 starspawn tentacles (Abyss:1)
2 creatures vanquished.

Grand Total: 18 creatures vanquished

Notes
Turn   | Place    | Note
-------+----------+-------------------------------------------
     0 | Abyss:1  | slep the Demonspawn Abyssal Knight began the quest for the Orb.
     0 | Abyss:1  | Reached XP level 1. HP: 18/18 MP: 2/2
    76 | Abyss:1  | Noticed a tentacled starspawn
    98 | Abyss:2  | Noticed an apocalypse crab
   102 | D:1      | Escaped the Abyss
   182 | D:1      | Reached skill level 1 in Dodging
   473 | D:1      | Reached * piety under Lugonu
   473 | D:1      | Gained mutation: You have a pair of small antennae on your head. [demonic ancestry]
   473 | D:1      | Reached XP level 2. HP: 22/24 MP: 3/3
   888 | D:2      | Reached XP level 3. HP: 28/30 MP: 4/4
   897 | D:2      | Slain by a gnoll

Skill      XL: |  1  2 |
---------------+-------+-----
Dodging        | 1 |  1.1
Long Blades    | 2 |  2.1
Fighting       | |  3.7
Armour         | |  1.9
Stealth        | |  0.2
Invocations    | |  2.6

Action                   || total
-------------------------++-------
Melee: Falchion          ||    45
Throw: Tomahawk          ||     4
Invok: Depart the Abyss  ||     1
Armor: Leather armour    ||    14
Dodge: Dodged            ||    37
Block: Buckler           ||     7
       Rpst.: Falchion   ||    11
